 Dungeon Crawl Stone Soup version 0.22-a0-419-g492bfec (webtiles) character file.

506 galech the Shooter (level 7, -9/59 HPs)
             Began as a Gnoll Wanderer on May 15, 2018.
             Mangled by Duvessa
             ... wielding a +0 rapier
              (10 damage)
             ... on level 4 of the Dungeon.
             The game lasted 00:08:12 (4480 turns).

galech the Shooter (Gnoll Wanderer)                 Turns: 4480, Time: 00:08:13

Health: -9/59      AC: 11    Str: 17    XL:     7   Next: 18%
Magic:  10/10      EV: 12    Int: 12    God:
Gold:   179        SH:  0    Dex: 16    Spells: 10/10 levels left

rFire    + . .     SeeInvis .   A - +3 whip (venom)
rCold    . . .     Gourm    .   (no shield)
rNeg     . . .     Faith    .   p - +4 ring mail {rF+}
rPois    .         Spirit   .   y - +0 helmet
rElec    .         Reflect  .   (no cloak)
rCorr    .         Harm     .   (no gloves)
MR       .....                  r - +0 pair of boots
Stlth    +++.......             q - amulet of the acrobat
HPRegen  0.19/turn              k - ring of stealth
MPRegen  0.12/turn              (no ring)

@: no status effects
A: distributed training, fangs 1, strong nose
a: no special abilities


You were on level 4 of the Dungeon.
You were not hungry.

You visited 1 branch of the dungeon, and saw 4 of its levels.

You collected 179 gold pieces.

Inventory:

Hand Weapons
 a - a +2 shortbow
 i - a +0 hunting sling
 A - a +3 whip of venom (weapon)
 B - a +1 halberd of venom
Missiles
 b - 41 arrows
 h - 38 stones (quivered)
 l - 13 sling bullets
Armour
 c - a +0 ring mail
 p - a +4 ring mail of fire resistance (worn)
 r - a +0 pair of boots (worn)
 s - a +0 large shield
 y - a +0 helmet (worn)
Jewellery
 k - a ring of stealth (left hand)
 q - an amulet of the acrobat (around neck)
Wands
 n - a wand of digging (10)
Scrolls
 d - 2 scrolls of teleportation
 g - 2 scrolls of enchant armour
 j - a scroll of magic mapping
 u - a scroll of amnesia
 v - a scroll of fear {unknown}
 w - a scroll of random uselessness {unknown}
Potions
 e - 2 potions of lignification {unknown}
 m - a potion of curing {unknown}
 o - 3 potions of heal wounds {unknown}
 t - a potion of ambrosia {unknown}
 z - a potion of resistance {unknown}
Comestibles
 f - 4 rations


   Skills:
 + Level 6.9 Fighting
 + Level 2.2 Short Blades
 + Level 2.2 Long Blades
 + Level 2.2 Axes
 + Level 2.2 Maces & Flails
 + Level 2.2 Polearms
 + Level 2.2 Staves
 + Level 2.2 Slings
 + Level 6.9 Bows
 + Level 5.1 Crossbows
 + Level 2.2 Throwing
 + Level 2.2 Armour
 + Level 2.2 Dodging
 + Level 2.2 Stealth
 + Level 2.2 Shields
 + Level 2.2 Unarmed Combat
 + Level 2.2 Spellcasting
 + Level 1.8 Conjurations
 + Level 1.8 Hexes
 + Level 1.8 Charms
 + Level 1.8 Summonings
 + Level 1.8 Necromancy
 + Level 1.8 Translocations
 + Level 1.8 Transmutations
 + Level 1.8 Fire Magic
 + Level 1.8 Ice Magic
 + Level 1.8 Air Magic
 + Level 1.8 Earth Magic
 + Level 1.8 Poison Magic
 + Level 2.5 Invocations
 + Level 5.1 Evocations


You had 10 spell levels left.
You didn't know any spells.
Your spell library contained the following spells:

 Spells                   Type           Power        Failure   Level  Hunger
 Infusion                 Chrm           #...         22%         1    ##.....


Dungeon Overview and Level Annotations

Branches:
Dungeon (4/15)
 Temple: D:4-7

Altars:
Dithmenos
Kikubaaqudgha
Sif Muna
Vehumet

Annotations:
D:4 Duvessa


Innate Abilities, Weirdness & Mutations

Your experience applies equally to all skills.
You have very sharp teeth.
Your uncanny sense of smell can sniff out nearby items.


Message History

Duvessa hits you but does no damage.
You barely miss Duvessa. Your bite misses Duvessa.
Duvessa is moderately wounded.
Duvessa hits you with a rapier. Duvessa hits you with a rapier!
* * * LOW HITPOINT WARNING * * *
You closely miss Duvessa. Your bite misses Duvessa.
Duvessa is moderately wounded.
Duvessa completely misses you.
You hit Duvessa but do no damage. You punch Duvessa. Your bite misses Duvessa.
Duvessa is moderately wounded.
Duvessa hits you but does no damage.
You hit Duvessa.
Duvessa looks as sick as possible!
Your bite misses Duvessa.
Duvessa is moderately wounded.
Duvessa barely misses you. Duvessa hits you but does no damage.
You hit Duvessa.
Duvessa looks as sick as possible!
Duvessa is heavily wounded.
Duvessa hits you with a rapier!
* * * LOW HITPOINT WARNING * * *
Duvessa hits you with a rapier!
You die...

#............#
#.##########.#
#.........##.#
#########.##.#
#...#....# ##########
#...#....# #.........
#...#....####.........
###.).#.##....+.........
#.....#@................
#.....e.......###.###.+#
#.............#.....#..#
#......#......#.###.#..#
#......#......#.....#..#
#.####.###....#.###.#...
#.####....>...#.....#...
#......######.###.###...
#.........# #...........


You could see Duvessa (berserk).

Vanquished Creatures
  An ogre (D:4)
  Dowan (D:4)
  An orc priest (D:4)
  2 iguanas (D:4)
  Natasha (thrice) (D:2)
  Robin (D:4)
  4 adders
  6 gnolls
  3 oozes
  3 worms (D:2)
  A dart slug (D:1)
  2 leopard geckos
  3 orcs (D:4)
  11 bats
  3 giant cockroaches
  11 hobgoblins
  7 jackals (D:3)
  A ball python (D:3)
  3 frilled lizards
  18 goblins
  5 kobolds
  A leopard gecko skeleton (D:2)
  9 rats
100 creatures vanquished.

Notes
Turn   | Place    | Note
-------+----------+-------------------------------------------
     0 | D:1      | galech the Gnoll Wanderer began the quest for the Orb.
     0 | D:1      | galech set off with: a +2 shortbow, 28 arrows, a +0 ring mail, a scroll of teleportation, a ration
     0 | D:1      | Reached XP level 1. HP: 23/23 MP: 3/3
   173 | D:1      | Reached XP level 2. HP: 29/29 MP: 5/5
  1056 | D:2      | Reached XP level 3. HP: 35/35 MP: 6/6
  1128 | D:2      | Found an ancient bone altar of Kikubaaqudgha.
  1129 | D:2      | Reached skill level 1 in Invocations
  1253 | D:2      | Reached skill level 1 in Short Blades
  1253 | D:2      | Reached skill level 1 in Long Blades
  1253 | D:2      | Reached skill level 1 in Axes
  1253 | D:2      | Reached skill level 1 in Maces & Flails
  1253 | D:2      | Reached skill level 1 in Polearms
  1253 | D:2      | Reached skill level 1 in Staves
  1253 | D:2      | Reached skill level 1 in Slings
  1253 | D:2      | Reached skill level 1 in Throwing
  1253 | D:2      | Reached skill level 1 in Armour
  1253 | D:2      | Reached skill level 1 in Dodging
  1253 | D:2      | Reached skill level 1 in Stealth
  1253 | D:2      | Reached skill level 1 in Shields
  1253 | D:2      | Reached skill level 1 in Unarmed Combat
  1253 | D:2      | Reached skill level 1 in Spellcasting
  1314 | D:2      | Reached XP level 4. HP: 38/41 MP: 7/7
  1315 | D:2      | Found a radiant altar of Vehumet.
  1319 | D:2      | Found a faded altar of an unknown god.
  1353 | D:2      | Found a deep blue altar of Sif Muna.
  1788 | D:2      | Identified Sif Muna's Reference Book on Boosts
  2145 | D:2      | Reached skill level 1 in Conjurations
  2145 | D:2      | Reached skill level 1 in Hexes
  2145 | D:2      | Reached skill level 1 in Charms
  2145 | D:2      | Reached skill level 1 in Summonings
  2145 | D:2      | Reached skill level 1 in Necromancy
  2145 | D:2      | Reached skill level 1 in Translocations
  2145 | D:2      | Reached skill level 1 in Transmutations
  2145 | D:2      | Reached skill level 1 in Fire Magic
  2145 | D:2      | Reached skill level 1 in Ice Magic
  2145 | D:2      | Reached skill level 1 in Air Magic
  2145 | D:2      | Reached skill level 1 in Earth Magic
  2145 | D:2      | Reached skill level 1 in Poison Magic
  2450 | D:2      | Noticed Natasha
  2459 | D:2      | Killed Natasha
  2459 | D:2      | Reached XP level 5. HP: 37/47 MP: 8/8
  2467 | D:2      | Noticed Natasha
  2476 | D:2      | Killed Natasha
  2718 | D:2      | Noticed Natasha
  2791 | D:2      | Killed Natasha
  3030 | D:3      | Found a glowing drain.
  3171 | D:3      | Found a shadowy altar of Dithmenos.
  3352 | D:3      | Reached XP level 6. HP: 53/53 MP: 9/9
  3829 | D:4      | Noticed Robin
  3829 | D:4      | Reached skill level 5 in Crossbows
  3829 | D:4      | Reached skill level 5 in Evocations
  3834 | D:4      | Killed Robin
  4313 | D:4      | Noticed Dowan
  4315 | D:4      | Noticed Duvessa
  4332 | D:4      | Reached XP level 7. HP: 49/59 MP: 10/10
  4470 | D:4      | Killed Dowan
  4480 | D:4      | HP: 1/59 [Duvessa/rapier (9)]
  4480 | D:4      | Mangled by Duvessa

Vault maps used:
D:1:      dpeg_arrival_three_same_balls
D:2:      grunt_temple_overflow_magic_moments, first_ration,
          chequers_ecumenical_altar_simple_redux, uniq_natasha
D:3:      cheibrodos_sewer_entry_drain, st_stairs_7, amethyst_killhole,
          minivault_4, nicolae_dithmenos_shadow_blocks
D:4:      minmay_checkerbox, uniq_duvessa, uniq_robin

Skill      XL: |  1  2  3  4  5  6 |
---------------+-------------------+-----
Invocations    | 1 2 |  2.5
Short Blades   | 1 2 |  2.2
Long Blades    | 1 2 |  2.2
Axes           | 1 2 |  2.2
Maces & Flails | 1 2 |  2.2
Polearms       | 1 2 |  2.2
Staves         | 1 2 |  2.2
Slings         | 1 2 |  2.2
Throwing       | 1 2 |  2.2
Armour         | 1 2 |  2.2
Dodging        | 1 2 |  2.2
Stealth        | 1 2 |  2.2
Shields        | 1 2 |  2.2
Unarmed Combat | 1 2 |  2.2
Spellcasting   | 1 2 |  2.2
Conjurations   | 1 |  1.8
Hexes          | 1 |  1.8
Charms         | 1 |  1.8
Summonings     | 1 |  1.8
Necromancy     | 1 |  1.8
Translocations | 1 |  1.8
Transmutations | 1 |  1.8
Fire Magic     | 1 |  1.8
Ice Magic      | 1 |  1.8
Air Magic      | 1 |  1.8
Earth Magic    | 1 |  1.8
Poison Magic   | 1 |  1.8
Crossbows      | 5 |  5.1
Evocations     | 5 |  5.1
Fighting       | |  6.9
Bows           | |  6.9

Action                   |  1- 3 |  4- 6 |  7- 9 || total
-------------------------+-------+-------+-------++-------
Melee: Mace              |     5 |    91 |       ||    96
       Bite              |     1 |    25 |     1 ||    27
       Punch             |       |     2 |     1 ||     3
       Spear             |       |    39 |       ||    39
       Whip              |       |     6 |    16 ||    22
 Fire: Shortbow          |    76 |   114 |       ||   190
  Use: Scroll            |       |     4 |       ||     4
 Stab: Distracted        |       |     1 |       ||     1
  Eat: Chunk             |       |     7 |     1 ||     8
       Ration            |       |     1 |       ||     1
Armor: Ring mail         |    15 |    63 |     4 ||    82
Dodge: Dodged            |    17 |    83 |     6 ||   106

Table legend:
 A = Spawn XP
 B = Non-spawn XP
 C = Spawn XP percentage of total XP
 D = Spawn monster count
 E = Non-spawn monster count
 F = Spawn count percentage of total count
 G = Total turns spent on level
                    A         B        C        D         E        F      G
               +---------+---------+-------+---------+---------+-------+---------
         Total |       0 |     723 |   0.0 |       0 |     100 |   0.0 |  4480
               +---------+---------+-------+---------+---------+-------+---------
           D:1 |       0 |      47 |   0.0 |       0 |      19 |   0.0 |  1264
           D:2 |       0 |     207 |   0.0 |       0 |      32 |   0.0 |  1579
           D:3 |       0 |     113 |   0.0 |       0 |      26 |   0.0 |   902
           D:4 |       0 |     356 |   0.0 |       0 |      23 |   0.0 |   735
               +---------+---------+-------+---------+---------+-------+---------
